[Event "*** Titled Tuesday Blitz"]
[Site "Chess.com"]
[Date "2020.03.03"]
[Round "4"]
[White "davigator"]
[Black "ChessicallyInclined"]
[Result "0-1"]
[WhiteElo "2300"]
[BlackElo "2490"]
[TimeControl "180+1"]
[EndTime "13:40:57 PST"]
[Termination "ChessicallyInclined won by resignation"]

1. e4 d6 2. d4 Nf6 3. Nc3 g6 4. Bg5 c6 5. Qd2 Nbd7 6. f3 b5 7. O-O-O Qc7 8. Kb1 a5 9. Bd3 a4 10. Nce2 Rb8 11. Nc1 c5 12. c3 b4 13. cxb4 cxb4 14. Nge2 h6 15. Be3 Bg7 16. Rhe1 e5 17. d5 Nc5 18. Ng3 h5 19. h4 O-O 20. Qe2 Bd7 21. Rd2 Qa5 22. Rdd1 Rfc8 23. Nf1 a3 24. b3 Ne8 25. Nd2 Bb5 26. Bxb5 Rxb5 27. Nc4 Qc7 28.
Rd2 Rbb8 29. Rc2 Qd8 30. Rd1 Qxh4 31. Nxd6 Nxd6 32. Rxc5 Rxc5 33. Bxc5 Nb5 34. Bxb4 Nd4 35. Qc4 Qf2 36. Rd2 Qg1 37. Bc3 h4 38. Bxd4 exd4 39.
Qd3 Rc8 40. Rc2 Rxc2 41. Qxc2 d3 42. Qd2 Qd4 43. Nxd3 Qa1+ 44. Kc2 Qxa2+ 45. Kd1 Qxb3+ 46. Ke2 a2 47. Qa5 a1=Q 48. Qxa1 Bxa1 49. e5 Bd4 50. e6 Qc2+ 0-1

[Event "*** Titled Tuesday Blitz"]
[Site "Chess.com"]
[Date "2020.03.03"]
[Round "4"]
[White "Fandorine"]
[Black "SantoBlue"]
[Result "0-1"]
[WhiteElo "2891"]
[BlackElo "2777"]
[TimeControl "180+1"]
[EndTime "13:40:59 PST"]
[Termination "SantoBlue won on time"]

1. e4 g6 2. d4 Bg7 3. Nf3 d6 4. c3 Nf6 5. Bd3 O-O 6. O-O Nc6 7. h3 e5 8. d5 Ne7 9. c4 h6 10. Nc3 Nd7 11. b3 Nc5 12. Bc2 a5 13. Be3 f5 14.
a3 f4 15. Bxc5 dxc5 16. Bd3 Bd7 17. Be2 Nc8 18. Ne1 h5 19. Rb1 Nd6 20. b4 axb4 21.
axb4 Ra3 22. Qc1 Rxc3 23. Qxc3 Nxe4 24. Qc2 cxb4 25. Rxb4 Nc5 26. Qxg6 e4 27. d6 c6 28. h4 Qxh4 29. Qxh5 Qxh5 30. Bxh5 Bc3 31. Rb1 Rf6 32. g4 Rxd6 33. Ng2 Bd2 34. Rfd1 Rd3 35. g5 f3 36. Ne3 Be6 37. Bg6 Na4 0-1

[Event "*** Titled Tuesday Blitz"]
[Site "Chess.com"]
[Date "2020.03.03"]
[Round "4"]
[White "talman67"]
[Black "pedroholly22"]
[Result "1-0"]
[WhiteElo "2522"]
[BlackElo "2322"]
[TimeControl "180+1"]
[EndTime "13:41:00 PST"]
[Termination "talman67 won by resignation"]

1. e4 c5 2. Nf3 d6 3. d4 cxd4 4. Nxd4 Nf6 5. Nc3 g6 6. Be3 Bg7 7. f3 Nc6 8. Qd2 O-O 9. O-O-O d5 10. exd5 Nxd5 11. Nxc6 bxc6 12. Bd4 Bxd4 13. Qxd4 Qb6 14. Na4 Qc7 15. Nc5 Rb8 16. Bc4 e6 17. h4 Rb4 18. a3 Rxc4 19. Qxc4 Ne3 20. Qd4 Nxd1 21. Rxd1 f5 22. Qd6 Rf7 23. Qxc7 Rxc7 24. f4 Kf7 25. Nd3 c5 26. Ne5+ Ke7 27. b4 cxb4 28. axb4 Bb7 29. g3 Bd5 30. Kb2 Rb7 31. c4 Rxb4+ 32.
Kc3 Ra4 33. cxd5 exd5 34. Rxd5 Ra3+ 35. Kd4 Rxg3 36. Rd7+ Ke6 37. Rxa7 h6 38. Ra6+ Ke7 39. Rxg6 Ra3 40. Rxh6 Ra1 41. Nc6+ Kd7 42. Ke5 Rc1 43. Kxf5 Rg1 44. Ne5+ Ke7 45. h5 Rh1 46. Rh7+ Kf8 47. h6 Kg8 48. Rg7+ Kf8 49. Ng6+ Ke8 50. h7 Rh5+ 51. Kf6 Rh1 52. h8=Q+ 1-0

[Event "*** Titled Tuesday Blitz"]
[Site "Chess.com"]
[Date "2020.03.03"]
[Round "4"]
[White "Sebastian"]
[Black "mrkvoz"]
[Result "1-0"]
[WhiteElo "3014"]
[BlackElo "2817"]
[TimeControl "180+1"]
[EndTime "13:41:03 PST"]
[Termination "Sebastian won by resignation"]

1. d4 d6 2. e4 Nf6 3. Nc3 e5 4.
Nf3 Nc6 5. Bb5 exd4 6. Qxd4 Bd7 7. Bxc6 Bxc6 8. Bg5 Be7 9. O-O-O O-O 10. Rhe1 Nd7 11.
h4 Re8 12. Qd2 Bf6 13. Nd4 h6 14. Bxf6 Qxf6 15. Nf5 Ne5 16. f3 b5 17. Qd4 a5 18.
Kb1 b4 19. Ne2 Nd7 20. Nf4 Qxd4 21. Nxd4 Bb7 22. Nb5 Rac8 23. b3 Nb6 24. Kb2 Re5 25. Nd4 Rce8 26. a3 bxa3+ 27. Kxa3 g6 28. Kb2 a4 29.
Ra1 axb3 30. cxb3 d5 31. Ra7 Rb8 32. Nd3 Ree8 33. Nc5 Bc8 34. Rxc7 dxe4 35. Rxe4 Rxe4 36. fxe4 Nc4+ 37. Kc3 Ne5 38. Re7 f6 39. b4 Bg4 40.
b5 Rc8 41. Kb4 Rd8 42. Nc6 Rd2 43. Nxe5 fxe5 44. b6 Rb2+ 45. Ka5 Be2 46. b7 Rb5+ 47. Ka4 Kf8 48. Rc7 Rb1 49. Rc8+ Ke7 50. b8=Q 1-0

[Event "*** Titled Tuesday Blitz"]
[Site "Chess.com"]
[Date "2020.03.03"]
[Round "4"]
[White "Tayson_7"]
[Black "JoakimVonAnd"]
[Result "1-0"]
[WhiteElo "2705"]
[BlackElo "2532"]
[TimeControl "180+1"]
[EndTime "13:41:05 PST"]
[Termination "Tayson_7 won by checkmate"]

1. e4 c6 2. d4 d5 3. f3 e6 4. Nc3 Bb4 5. Bd2 Nf6 6. e5 Nfd7 7. Nce2 Bxd2+ 8. Qxd2 c5 9. c3 Nc6 10. f4 b5 11. Nf3 b4 12. Ng3 g6 13. c4 cxd4 14.
cxd5 exd5 15. Bb5 Qb6 16. Bxc6 Qxc6 17. Nxd4 Qb6 18. O-O Nc5 19. Kh1 Ba6 20. Rf3 Ne4 21. Qe3 Bb7 22. Rc1 h5 23. f5 g5 24. Nxe4 dxe4 25. Rf2 Rd8 26. Rd2 g4 27. Rdd1 h4 28. f6 h3 29. g3 Rh5 30. e6 Rhd5 31. e7 R8d6 32. Qh6 Re5 33. Qf8+ Kd7 34. Ne2 Rd3 35. Qb8 Qf2 36. Qxb7+ Ke6 37. e8=Q+ Kxf6 38. Qxe5+ Kxe5 39. Qb5+ Kf6 40. Rf1 Rf3 41. Rxf2 Rxf2 42. Nf4 e3 43. Rc6+ Kg7 44. Qg5+ Kf8 45. Rc8# 1-0

[Event "*** Titled Tuesday Blitz"]
[Site "Chess.com"]
[Date "2020.03.03"]
[Round "4"]
[White "denizozen"]
[Black "Hubbery"]
[Result "1-0"]
[WhiteElo "2848"]
[BlackElo "2556"]
[TimeControl "180+1"]
[EndTime "13:41:07 PST"]
[Termination "denizozen won on time"]

1. e4 e5 2. Nc3 Nc6 3. g3 Bc5 4. Bg2 Nf6 5. Nge2 d6 6. d3 a6 7. O-O h6 8. h3 O-O 9. Kh2 b5 10. f4 exf4 11. Nxf4 Bd7 12. Ncd5 Nxd5 13. Nxd5 Ne7 14. d4 Ba7 15. Nf4 Rc8 16. g4 Ng6 17. Nh5 Qe7 18. Be3 c5 19. Qd2 Kh7 20. c3 cxd4 21. cxd4 Bc6 22. Rae1 Rce8 23. Rf5 Nh4 24.
Nxg7 Bxe4 25. Bg5 Qxg5 26. Rxg5 Bxg2 27. Nxe8 Nf3+ 28. Kxg2 Nxd2 29. Nf6+ Kh8 30. Rh5 Bxd4 31.
Rxh6+ Kg7 32. g5 Nc4 33. Nh5+ Kg8 34. Nf6+ Kg7 35. Ng4 Bxb2 36. Re7 Ne5 37. Ra7 1-0

[Event "*** Titled Tuesday Blitz"]
[Site "Chess.com"]
[Date "2020.03.03"]
[Round "4"]
[White "Harry_Rakkel"]
[Black "SanchezKelvin"]
[Result "1-0"]
[WhiteElo "2543"]
[BlackElo "2350"]
[TimeControl "180+1"]
[EndTime "13:41:08 PST"]
[Termination "Harry_Rakkel won by resignation"]

1. c4 Nf6 2. Nc3 g6 3. d4 Bg7 4. e4 d6 5. f3 O-O 6. Nge2 c5 7. d5 e6 8. Ng3 exd5 9. cxd5 a6 10. a4 Re8 11. Be2 Qa5 12. Bd2 Qc7 13. O-O Nbd7 14. Kh1 Rb8 15. Qc2 h5 16. Rfe1 Ne5 17. Nf1 c4 18. a5 Bd7 19. Be3 Bb5 20. Rec1 Nfd7 21. Nxb5 axb5 22. b4 Ra8 23. Ra3 Qd8 24. Qd2 f5 25.
exf5 gxf5 26. Ng3 Rf8 27. Nxh5 Bh8 28. Nf4 Qe7 29. Ne6 Rf7 30. f4 Ng4 31. Bxg4 fxg4 32. Bd4 Nf6 33. Rg3 Rh7 34. Qc2 Qf7 35. Ng5 Qh5 36.
Nxh7 Nxh7 37. Bxh8 Kxh8 38. Re1 Rg8 39. Re7 Re8 40.
Qc3+ 1-0

[Event "*** Titled Tuesday Blitz"]
[Site "Chess.com"]
[Date "2020.03.03"]
[Round "4"]
[White "aridannie"]
[Black "Shahinyan_ChessMood"]
[Result "1-0"]
[WhiteElo "2440"]
[BlackElo "2612"]
[TimeControl "180+1"]
[EndTime "13:41:09 PST"]
[Termination "aridannie won by checkmate"]

1. e4 e6 2. d4 d5 3. Nd2 Nc6 4.
Ngf3 Nf6 5. e5 Nd7 6. c4 dxc4 7. Nxc4 Nb6 8. Be2 Bb4+ 9. Bd2 Be7 10. Nxb6 axb6 11.
Be3 O-O 12. O-O Qd5 13. a3 Rd8 14.
Qc2 h6 15. Bd3 Qd7 16. Rad1 Bf8 17. h4 Ne7 18. Qe2 Nd5 19. Bb1 h5 20. Ng5 g6 21.
Ne4 Bg7 22. Bg5 Rf8 23. Nf6+ Bxf6 24. Bxf6 Nxf6 25. exf6 Ra5 26. Qe3 Qd8 27. Qf3 Re8 28. Rfe1 Rd5 29. Qf4 Kh7 30. Be4 Ra5 31. Bc2 Kg8 32.
Re5 Rd5 33. Qg5 c5 34. Rd3 Qd6 35. Rg3 Qf8 36. Bxg6 Rxe5 37. Bxf7+ Kxf7 38. Qg6# 1-0

[Event "*** Titled Tuesday Blitz"]
[Site "Chess.com"]
[Date "2020.03.03"]
[Round "4"]
[White "vpsetter"]
[Black "Gabrielian_Artur"]
[Result "0-1"]
[WhiteElo "2583"]
[BlackElo "2777"]
[TimeControl "180+1"]
[EndTime "13:41:10 PST"]
[Termination "Gabrielian_Artur won by resignation"]

1. e4 c5 2. Nf3 d6 3. d4 cxd4 4. Nxd4 Nf6 5. Nc3 Nc6 6. Bg5 e6 7. Qd2 a6 8. O-O-O Bd7 9. f4 Be7 10. Nf3 b5 11. Bxf6 gxf6 12. f5 Qa5 13. fxe6 fxe6 14.
Kb1 h5 15. g3 Ne5 16. Nd4 Rc8 17. Bh3 Nc4 18. Qd3 Qb4 19. Nb3 a5 20. Ne2 Ne5 21.
Qd4 Qxd4 22. Nexd4 a4 23. Nc1 Kf7 24. Rd2 h4 25. Bg2 Rcg8 26. Nce2 Bf8 27. Rf1 hxg3 28. hxg3 Rh2 29. Rg1 Bh6 30. Rdd1 Be3 31. Nf3 Nxf3 32.
Bxf3 Bxg1 33. Rxg1 Rg5 34. b3 a3 35. Nf4 Bc6 36.
g4 Re5 37. Re1 Rf2 38. Nd3 Rxf3 0-1

[Event "*** Titled Tuesday Blitz"]
[Site "Chess.com"]
[Date "2020.03.03"]
[Round "4"]
[White "GrigorGrigorov"]
[Black "GadimbayliA"]
[Result "0-1"]
[WhiteElo "2753"]
[BlackElo "2910"]
[TimeControl "180+1"]
[EndTime "13:41:11 PST"]
[Termination "GadimbayliA won on time"]

1. d4 d5 2. c4 e5 3. dxe5 d4 4.
Nf3 Nc6 5. a3 Nge7 6. b4 Ng6 7.
Bb2 a5 8. b5 Ncxe5 9. Bxd4 Nxc4 10. e3 Nd6 11. h4 h5 12. Bd3 Nf5 13. Qc2 Nxd4 14. Nxd4 Ne5 15. Be4 Bd6 16. Nd2 O-O 17. N2f3 Ng4 18. Ng5 Nf6 19. Bh7+ Kh8 20. Bf5 g6 21.
Bxc8 Rxc8 22. O-O Qe7 23. a4 Kg7 24. g3 Be5 25. Rad1 Rfd8 26. Rd2 Bxd4 27. Rxd4 Rxd4 28.
exd4 Rd8 29. Qc3 Nd5 30. Qxa5 Qe2 31. Qe1 Qxe1 32. Rxe1 Ra8 33. Re5 c6 34. bxc6 bxc6 35. Re1 Rxa4 36. Rc1 Ne7 37. Nf3 f6 38. Kg2 Kf7 39. Rb1 Ke6 40. Rb7 Nf5 41. Rc7 Rc4 42. Rc8 Nd6 43. Rg8 Kf7 44. Rd8 Ke6 45. Rg8 Kf5 46. Rd8 Ne4 47. Ne1 Rc1 48. Nd3 Rd1 0-1

[Event "*** Titled Tuesday Blitz"]
[Site "Chess.com"]
[Date "2020.03.03"]
[Round "4"]
[White "jefferyx"]
[Black "Kobalia"]
[Result "1-0"]
[WhiteElo "2942"]
[BlackElo "2628"]
[TimeControl "180+1"]
[EndTime "13:41:11 PST"]
[Termination "jefferyx won on time"]

1. e4 e5 2. Nf3 Nc6 3. d4 exd4 4.
Nxd4 Nf6 5. Nxc6 bxc6 6. e5 Qe7 7. Qe2 Nd5 8. c4 Ba6 9. b3 g6 10. Ba3 Nb4 11. Bb2 Bg7 12. a3 Nd5 13. Nd2 O-O 14.
O-O-O Rab8 15. h4 Nf4 16. Qe3 Ne6 17. h5 c5 18. Ne4 Nd4 19. Nxc5 Qxc5 20. Qxd4 Qxd4 21.
Rxd4 Rxb3 22. Rxd7 Rfb8 23. Bd4 c5 24. hxg6 cxd4 25.
gxf7+ Kf8 26. e6 Rc3+ 27. Kd2 Rxa3 28. Rxh7 Ra2+ 29. Kd3 Rb3+ 30. Ke4 Bb7+ 31. Kf5 Rxf2+ 32. Kg4 Bf6 33. Rh1 Bxg2 34. Bxg2 Rxg2+ 35. Kf5 Rf2+ 36. Ke4 Re3+ 37. Kd5 d3 38. Rg1 Re5+ 39. Kd6 Rg5 40. Rxg5 Bxg5 41. Rxa7 1-0

[Event "*** Titled Tuesday Blitz"]
[Site "Chess.com"]
[Date "2020.03.03"]
[Round "4"]
[White "karwowskikacper"]
[Black "Zubrrr"]
[Result "1-0"]
[WhiteElo "2399"]
[BlackElo "2647"]
[TimeControl "180+1"]
[EndTime "13:41:12 PST"]
[Termination "karwowskikacper won on time"]

1. e4 c5 2. Nf3 d6 3. c3 Nf6 4.
h3 Nbd7 5. Bd3 b6 6. O-O Bb7 7. Re1 Qc7 8. Bc2 Rc8 9. Na3 e6 10. d4 cxd4 11. cxd4 b5 12. Bd3 a6 13. Bf4 Be7 14. Rc1 Qb8 15. Rxc8+ Qxc8 16. Qe2 O-O 17. Rc1 Qa8 18. Nd2 e5 19. dxe5 dxe5 20. Bg5 h6 21.
Bxf6 Nxf6 22. Nab1 Rc8 23. Nc3 b4 24. Nc4 bxc3 25.
Nb6 Qa7 26. Nxc8 Bxc8 27. Rxc3 Be6 28. Bc4 Qb7 29. Bxe6 fxe6 30. Qc4 Kf7 31. Rf3 Qxb2 32. Qxa6 Qb1+ 33. Kh2 Qxe4 34. a4 g5 35. a5 Qb4 36.
Qb6 e4 37. Qxb4 Bxb4 38. a6 Bc5 39. Rc3 Bxf2 40. Rc7+ Kg6 41. a7 Bxa7 42. Rxa7 Kf5 43. Kg3 Nh5+ 44. Kf2 Nf4 45. Rh7 Kg6 46. Rb7 Kf5 47.
Rb5+ 1-0

[Event "*** Titled Tuesday Blitz"]
[Site "Chess.com"]
[Date "2020.03.03"]
[Round "4"]
[White "Noam_Vitenberg"]
[Black "Abdimalik_Abdisalimov"]
[Result "0-1"]
[WhiteElo "2465"]
[BlackElo "2844"]
[TimeControl "180+1"]
[EndTime "13:41:13 PST"]
[Termination "Abdimalik_Abdisalimov won on time"]

1. e4 e5 2. Nc3 Nc6 3. Bc4 Bc5 4. Qg4 g6 5. Qf3 Nf6 6. Nge2 d6 7. d3 Bg4 8. Qg3 Be6 9. Bg5 h6 10. Qh4 hxg5 11.
Qxh8+ Ke7 12. Qxd8+ Rxd8 13. Bxe6 Kxe6 14. f3 a6 15.
O-O-O Rh8 16. h3 Ba7 17. g3 Ne7 18. Rdf1 Nh5 19. Kd2 f5 20. f4 gxf4 21. gxf4 exf4 22. Nxf4+ Nxf4 23. Rxf4 Ke5 24. Rff1 f4 25. Nd1 g5 26. c3 Ng6 27. Nf2 Bxf2 28. Rxf2 g4 29. d4+ Kf6 30.
h4 g3 31. Rf3 Rxh4 32. Rxh4 Nxh4 33. Rxf4+ Kg5 34. Rf1 g2 35. Rc1 Nf3+ 36. Ke3 g1=Q+ 37. Rxg1+ Nxg1 38. d5 Nh3 39. c4 Nf4 40. b4 Ng6 41. c5 Ne5 42. a4 Kf6 43. Kd4 Nd7 0-1

[Event "*** Titled Tuesday Blitz"]
[Site "Chess.com"]
[Date "2020.03.03"]
[Round "4"]
[White "DrMelekess"]
[Black "pedromartinez91"]
[Result "1-0"]
[WhiteElo "2728"]
[BlackElo "2556"]
[TimeControl "180+1"]
[EndTime "13:41:14 PST"]
[Termination "DrMelekess won on time"]

1. d4 d5 2. Nf3 Nf6 3. e3 c5 4.
dxc5 e6 5. c4 Bxc5 6. Nc3 O-O 7.
cxd5 Nxd5 8. Nxd5 exd5 9. a3 Nc6 10. Bd3 Bg4 11. Qc2 Qe7 12. Bxh7+ Kh8 13. Bd3 Bxf3 14. gxf3 d4 15. e4 Ne5 16. f4 Nxd3+ 17. Qxd3 Rfe8 18. f3 Qh4+ 19. Kd1 Rac8 20. Bd2 Qh3 21. Rc1 Kg8 22. Qf1 Qh5 23. Qd3 Qh3 24. Rc2 Qe6 25. Kc1 Qa2 26.
Kd1 Qb1+ 27. Bc1 Bb6 28. f5 Rc6 29. Kd2 Qa2 30. b4 Rxc2+ 31. Qxc2 Qa1 32. Rd1 d3 33. Qb3 Rc8 34. Bb2 1-0

[Event "*** Titled Tuesday Blitz"]
[Site "Chess.com"]
[Date "2020.03.03"]
[Round "4"]
[White "NikolaGry"]
[Black "ChessMavenYeti"]
[Result "1-0"]
[WhiteElo "2649"]
[BlackElo "2240"]
[TimeControl "180+1"]
[EndTime "13:41:15 PST"]
[Termination "NikolaGry won by checkmate"]

1. e4 e6 2. Nf3 d5 3. Nc3 d4 4.
Ne2 c5 5. c3 Nf6 6. Ng3 a6 7.
a4 Nc6 8. Bd3 h5 9. h4 Be7 10.
Qe2 Ng4 11. b3 Nce5 12. cxd4 Nxf3+ 13. gxf3 Qxd4 14. Rb1 Ne5 15. Bc2 Ng6 16. Bb2 Qd6 17. Bxg7 Rg8 18. e5 Qd4 19. Bxg6 fxg6 20. Bf6 Bxf6 21. exf6 Qxf6 22. Ne4 Qe5 23. Rg1 b6 24. a5 g5 25. hxg5 bxa5 26. f4 Qxf4 27. Qxh5+ Kd8 28. Nf6 Rf8 29. Rg4 Qf5 30. Rd1 Rxf6 31. Qh4 Rf8 32. d4 c4 33. g6+ Kc7 34. g7 Rg8 35. Qe7+ Bd7 36. Rg5 Qe4+ 37. Kf1 Rad8 38. Rc5+ Kb7 39. bxc4 Qh1+ 40. Ke2 Qe4+ 41. Kf1 Qf3 42. Rd2 Qh1+ 43.
Ke2 Qh6 44. Rb2+ Ka7 45. Rc7+ Ka8 46. Rxd7 Rxd7 47. Qxd7 Qxg7 48. Qc6+ Ka7 49. Qb6+ Ka8 50. Qxa6+ Qa7 51. Qc6+ Qb7 52. Qxb7# 1-0

[Event "*** Titled Tuesday Blitz"]
[Site "Chess.com"]
[Date "2020.03.03"]
[Round "4"]
[White "Konavets"]
[Black "mitrabhaa"]
[Result "1-0"]
[WhiteElo "3015"]
[BlackElo "2631"]
[TimeControl "180+1"]
[EndTime "13:41:16 PST"]
[Termination "Konavets won on time"]

1. d4 Nf6 2. c4 e6 3. g3 c5 4. d5 exd5 5. cxd5 d6 6. Nc3 g6 7. Bg2 Bg7 8. Nf3 O-O 9. O-O Re8 10. Nd2 a6 11. a4 Nbd7 12. Nc4 Ne5 13. Na3 Rb8 14.
h3 Qc7 15. e4 h6 16. f4 Ned7 17. Bd2 Nf8 18. e5 dxe5 19. fxe5 Rxe5 20. Nc4 N6d7 21. d6 Qd8 22. Nxe5 Nxe5 23. Ne4 c4 24. Bc3 Bf5 25.
Qd5 Nfd7 26. Rae1 b5 27. g4 Be6 28. Qd2 b4 29. Bd4 Qa5 30. Kh1 Qxa4 31. g5 c3 32. bxc3 Nc4 33. Qf2 hxg5 34. Bxg7 Kxg7 35. Nxg5 Bf5 36. Qd4+ Nce5 37. Rxe5 Nxe5 38. Qxe5+ Kg8 39. Nxf7 Qb5 40. Qxb5 Rxb5 41. Nh6+ Kf8 42. Nxf5 gxf5 43. cxb4 Rxb4 44. Rxf5+ Ke8 45. Bc6+ 1-0

[Event "*** Titled Tuesday Blitz"]
[Site "Chess.com"]
[Date "2020.03.03"]
[Round "4"]
[White "filali-marouan"]
[Black "xamax2000"]
[Result "0-1"]
[WhiteElo "2389"]
[BlackElo "2679"]
[TimeControl "180+1"]
[EndTime "13:41:17 PST"]
[Termination "xamax2000 won on time"]

1. e4 c5 2. Nf3 d6 3. d4 cxd4 4. Nxd4 Nf6 5. f3 e5 6. Ne2 d5 7. exd5 Nxd5 8. a3 Bc5 9. c4 Ne3 10. Qxd8+ Kxd8 11. Bxe3 Bxe3 12. Nbc3 Be6 13. Nd5 Bxd5 14.
cxd5 Nd7 15. Nc3 Bd4 16. Rd1 Rc8 17. Nb5 Bxb2 18. Nd6 Ke7 19. Nxc8+ Rxc8 20. Bd3 Bc3+ 21. Ke2 g6 22. Rc1 Nb6 23. Rc2 Nxd5 24. g3 f5 25.
Rhc1 a6 26. a4 a5 27. Bb5 b6 28. h4 Rc5 29. Bd3 Kf6 30. h5 g5 31. Rb1 Nb4 32. Rcc1 h6 33. Rd1 Bd4 34. Bb5 e4 35. Rxd4 Ke5 36.
Rd8 Rc2+ 37. Kf1 exf3 38. Re1+ Kf6 39. Rd6+ Kf7 40. Rd7+ Kf6 41. Rde7 g4 42. R1e6+ Kg5 43. Re1 Rh2 44. Be8 Rh1+ 45. Kf2 Nd3+ 46. Ke3 Rxe1+ 47. Kxd3 Rxe7 0-1

[Event "*** Titled Tuesday Blitz"]
[Site "Chess.com"]
[Date "2020.03.03"]
[Round "4"]
[White "karinachess1"]
[Black "ckgchess"]
[Result "0-1"]
[WhiteElo "2529"]
[BlackElo "2700"]
[TimeControl "180+1"]
[EndTime "13:41:19 PST"]
[Termination "ckgchess won on time"]

1. c4 Nf6 2. Nc3 e6 3. e4 Nc6 4. d4 Bb4 5. e5 Ne4 6. Qd3 d5 7. Nf3 f5 8. exf6 Qxf6 9. Be2 b6 10. O-O Bxc3 11. bxc3 Ba6 12. Qc2 O-O 13. Be3 Ne7 14. Ne5 Rad8 15. f3 Ng5 16. Ng4 Qf5 17. Bd3 Nxf3+ 18. gxf3 Qh5 19. Qg2 Nf5 20. Bf2 Bxc4 21. Bxc4 dxc4 22. Rae1 Rde8 23. Re5 Kh8 24. Rfe1 Qf7 25. Bg3 Nd6 26. Rf1 a6 27. Re2 Nb5 28.
Ne5 Qf5 29. Re3 Na3 30. Kh1 b5 31. Re2 a5 32. Bh4 b4 33. cxb4 axb4 34. Qg4 Qxg4 35.
Nxg4 c3 36. Ne3 Nb5 37. Nc2 Rf4 38.
Bg3 Nxd4 39. Nxd4 Rxd4 40. Rfe1 h6 41. Bxc7 Rc8 42. Be5 Rd3 43. Kg2 Rc5 44. f4 Rcd5 45. Re3 Rd2+ 46. R1e2 Kh7 47. Kf2 c2 48. Ke1 c1=Q+ 49.
Kf2 Rxe2+ 50. Rxe2 Rd2 0-1

[Event "*** Titled Tuesday Blitz"]
[Site "Chess.com"]
[Date "2020.03.03"]
[Round "4"]
[White "Abund"]
[Black "LogoCzar"]
[Result "0-1"]
[WhiteElo "2674"]
[BlackElo "2497"]
[TimeControl "180+1"]
[EndTime "13:41:20 PST"]
[Termination "LogoCzar won by checkmate"]

1. e4 e5 2. Nf3 Nc6 3. Bc4 Nf6 4. Ng5 d5 5. exd5 Na5 6. Bb5+ c6 7. dxc6 bxc6 8. Qf3 cxb5 9. Qxa8 Be7 10. Qxa7 Nc6 11.
Qa8 Qd7 12. Nc3 O-O 13. Nxb5 Bb7 14. Qa4 Ra8 15. Qh4 Nb4 16. O-O Qxb5 17. d4 h6 18. Nf3 Nxc2 19. Rb1 Bxf3 20. gxf3 Nxd4 21. Qh3 Qe2 22.
Be3 Nxf3+ 23. Kg2 e4 24. b4 Nd5 25. Rb3 Rxa2 26. Qc8+ Bf8 27. Bc5 Nf4+ 28. Kg3 Qxf1 29.
Qxf8+ Kh7 30. Kxf4 g5+ 31. Kf5 Qh3+ 32. Kxe4 Nd2+ 33. Ke5 Qe6+ 34. Kd4 Nxb3+ 35. Kc3 Nc1 36. Kd4 Ne2+ 37. Kd3 Nf4+ 38. Kc3 Nd5+ 39. Kd4 Rd2+ 40.
Kc4 Nc7+ 41. Kc3 Rd7 42. Bd4 Nb5+ 43. Kc2 Nxd4+ 44. Kb1 Qb3+ 45. Ka1 Nc2# 0-1

[Event "*** Titled Tuesday Blitz"]
[Site "Chess.com"]
[Date "2020.03.03"]
[Round "4"]
[White "Megagigahiper3345"]
[Black "SoltaniciR"]
[Result "1/2-1/2"]
[WhiteElo "2117"]
[BlackElo "2505"]
[TimeControl "180+1"]
[EndTime "13:41:22 PST"]
[Termination "Game drawn by repetition"]

1. d4 Nf6 2. c4 e6 3. Nf3 b6 4.
g3 Ba6 5. Qc2 c5 6. d5 exd5 7.
cxd5 g6 8. Nc3 Bg7 9. Bg2 O-O 10. O-O d6 11. Re1 Re8 12. a4 Nbd7 13. e4 Ng4 14. h3 Nge5 15. Nxe5 Nxe5 16. Nb5 c4 17. Rd1 Qd7 18.
f4 Nd3 19. Qxc4 Nc5 20. Ra3 Rac8 21. Qb4 Re7 22. Be3 f5 23. Bxc5 Rxc5 24. Re3 Bxb5 25.
axb5 Rxb5 26. Qa4 fxe4 27. Rxe4 Rxb2 28. Qc6 Qd8 29. Rde1 Rxe4 30. Rxe4 Kf7 31. h4 Bf6 32. Qb7+ Be7 33. Bf3 Rb1+ 34. Kg2 Rc1 35. Qxa7 Qc7 36. Qxc7 Rxc7 37. Bg4 b5 38. Be6+ Kf8 39. Rb4 Rc5 40. Kf3 Bf6 41. Bd7 Rxd5 42. Rxb5 Rxb5 43. Bxb5 Ke7 44.
Ke4 Bc3 45. Bc4 Be1 46. Kf3 Kf6 47. Bd5 Ke7 48. Kg4 Kf6 49. Kf3 h5 50. Kg2 Kf5 51. Kf3 Kf6 52. Bc4 Bb4 53. Bb3 Ba5 54. Bd5 Bb4 55.
Bc4 Ba5 56. Bd5 Be1 1/2-1/2

[Event "*** Titled Tuesday Blitz"]
[Site "Chess.com"]
[Date "2020.03.03"]
[Round "4"]
[White "Jospem"]
[Black "MikaelyanArman"]
[Result "1-0"]
[WhiteElo "2917"]
[BlackElo "2622"]
[TimeControl "180+1"]
[EndTime "13:41:24 PST"]
[Termination "Jospem won on time"]

1. c4 c6 2. Nf3 d5 3. g3 Nf6 4.
Bg2 g6 5. b3 Bg7 6. Bb2 O-O 7.
O-O Nbd7 8. d3 Re8 9. Nc3 e5 10. e4 dxe4 11. dxe4 Qc7 12. Qe2 Nc5 13. h3 Ne6 14. Rfd1 Nh5 15. Na4 c5 16. Nc3 Nd4 17. Qd3 Be6 18. Nd2 Rad8 19. Nd5 Qc8 20. Kh2 f5 21.
Bxd4 exd4 22. Re1 f4 23. Nf3 fxg3+ 24. fxg3 h6 25. Nh4 Bf7 26. Rf1 Be5 27. Rf3 Kg7 28. Raf1 Bxd5 29. exd5 Rd6 30. Re1 Qd7 31. Re4 Rf6 32.
Rxe5 Rxe5 33. Rxf6 Kxf6 34. Qxg6+ Ke7 35. Qxh6 Kd8 36. Qh8+ Qe8 37. Qh6 Re2 38. Qd6+ Kc8 39. Qxc5+ Kd7 40. Qxd4 Qe5 41. Qxe5 Rxe5 42. Ng6 Re2 43.
g4 Nf6 44. Kg3 Rxa2 45. Bf3 Rb2 46. g5 Ng8 47. Ne5+ Kd6 48. Nd3 Rxb3 49. c5+ Kd7 50. Ne5+ Ke8 51. d6 a5 52. Kf4 a4 53. c6 1-0

[Event "*** Titled Tuesday Blitz"]
[Site "Chess.com"]
[Date "2020.03.03"]
[Round "4"]
[White "GM_dmitrij"]
[Black "StoreySniper"]
[Result "1-0"]
[WhiteElo "2834"]
[BlackElo "2447"]
[TimeControl "180+1"]
[EndTime "13:41:25 PST"]
[Termination "GM_dmitrij won by resignation"]

1. e4 g6 2. d4 Bg7 3. Nf3 d6 4. Bc4 c6 5. O-O b5 6. Bd3 a6 7.
Re1 Bb7 8. c3 e6 9. a4 Ne7 10.
Bf4 O-O 11. Qc1 f6 12. Bh6 Rf7 13. Bxg7 Rxg7 14. Nbd2 e5 15. axb5 axb5 16. Rxa8 Bxa8 17. c4 bxc4 18. Qxc4+ d5 19. Qa2 Nd7 20. dxe5 Nxe5 21. Nxe5 fxe5 22. exd5 Nxd5 23. Nf3 Re7 24. Rxe5 Bb7 25.
Qc4 Rxe5 26. Nxe5 Qa5 27. Nxc6 Bxc6 28. Qxc6 Qe1+ 29. Bf1 Qe5 30. b3 Kg7 31. g3 Qd4 32. Qc4 Qxc4 33. Bxc4 Nb4 34. f4 Kf6 35. Kf2 Ke7 36.
Ke3 Kd6 37. Bg8 h6 38. Kd4 g5 39. fxg5 hxg5 40. Ke4 Nc2 41. Kf5 Nd4+ 42. Kxg5 Nf3+ 43. Kf4 Nxh2 44. Bc4 Ke7 45. g4 1-0

[Event "*** Titled Tuesday Blitz"]
[Site "Chess.com"]
[Date "2020.03.03"]
[Round "4"]
[White "stoleriu"]
[Black "vladimirdamjanovic"]
[Result "0-1"]
[WhiteElo "2477"]
[BlackElo "2646"]
[TimeControl "180+1"]
[EndTime "13:41:25 PST"]
[Termination "vladimirdamjanovic won by checkmate"]

1. e4 c5 2. Nc3 Nc6 3. Bb5 Na5 4. f4 a6 5. Be2 e6 6. Nf3 d6 7. O-O Nf6 8. d3 b5 9. Kh1 b4 10. Nb1 Bb7 11. Be3 Be7 12. Nbd2 O-O 13. Qe1 d5 14. e5 Ng4 15. Bg1 c4 16. dxc4 Nxc4 17. Nxc4 dxc4 18. Bxc4 Qc7 19. Bd3 Rad8 20. Rd1 Nh6 21. Qf2 Qa5 22. Qb6 Qxb6 23. Bxb6 Rd5 24. h3 Rc8 25. Kh2 Nf5 26. Bxf5 exf5 27. Nd4 g6 28. Rf2 h5 29. Re1 Bh4 30. g3 Be7 31.
e6 Bf6 32. Nf3 Rc6 33. exf7+ Kxf7 34. Be3 Ra5 35. Bd4 Rxa2 36. Bxf6 Kxf6 37. Nd4 Rd6 38. Rd2 Be4 39. b3 a5 40. Ree2 a4 41. g4 hxg4 42. hxg4 a3 43. g5+ Kf7 44. Nb5 Rxd2 45. Rxd2 Rxc2 46. Rxc2 Bxc2 47. Nd4 Bd1 48. Nc6 a2 49.
Nxb4 a1=Q 50. Nd3 Qc3 51. Nf2 Qf3 52. Kg1 Be2 53. b4 Qxf4 54. b5 Qg3+ 55. Kh1 Bf3# 0-1

[Event "*** Titled Tuesday Blitz"]
[Site "Chess.com"]
[Date "2020.03.03"]
[Round "4"]
[White "Vaathi_Coming"]
[Black "AlleyOoper"]
[Result "1/2-1/2"]
[WhiteElo "2820"]
[BlackElo "2626"]
[TimeControl "180+1"]
[EndTime "13:41:28 PST"]
[Termination "Game drawn by repetition"]

1. c4 b6 2. Nc3 Bb7 3. d4 e6 4. Nf3 Bb4 5. Bg5 Nf6 6. e3 h6 7. Bxf6 Bxc3+ 8. bxc3 Qxf6 9. Bd3 d6 10. O-O Nd7 11.
a4 a5 12. Nd2 e5 13. Be4 Bxe4 14. Nxe4 Qe7 15. Qf3 O-O 16. Ng3 g6 17. Rae1 f5 18. Qc6 Nf6 19. e4 f4 20. Ne2 Qd7 21. Qxd7 Nxd7 22. f3 Rfd8 23. Rb1 Nf8 24. Rfd1 Ne6 25. Kf2 Kf7 26. Rb5 Kf6 27. g3 g5 28. h4 Rab8 29. Rdb1 fxg3+ 30. Kxg3 gxh4+ 31. Kxh4 Rg8 32. f4 Rg2 33.
fxe5+ dxe5 34. Rf1+ Ke7 35. Rxe5 Rbg8 36. Rxe6+ Kd7 37.
Kh3 Rxe2 38. d5 Re3+ 39. Kh4 Re2 40. Rh1 Reg2 41. Kh5 R2g5+ 42. Kxh6 Rg3 43. Kh5 R3g5+ 44. Kh4 Rg4+ 45. Kh5 R4g5+ 46. Kh6 Rg2 47. Kh7 R2g7+ 48. Kh6 Rg2 49. Kh5 R2g5+ 1/2-1/2